 Dungeon Crawl Stone Soup version 0.27-a0-380-g150de4c316 (webtiles) character file.

Game seed: 14527203028503825257

10811 slughead422 the Blocker (level 11, -9/56 HPs)
             Began as a Vine Stalker Fighter on Feb 16, 2021.
             Was a High Priest of Qazlal.
             Mangled by a white ugly thing (25 damage)
             ... on level 11 of the Dungeon on Feb 17, 2021.
             The game lasted 02:24:46 (11354 turns).

slughead422 the Blocker (Vine Stalker Fighter)     Turns: 11354, Time: 02:24:46

Health: -9/56      AC: 14    Str: 21    XL:     11   Next: 67%
Magic:  0/12       EV:  6    Int:  9    God:    Qazlal [*****.]
Gold:   798        SH: 19    Dex: 14    Spells: 10/10 levels left

rFire    . . .     SeeInvis +   t - +5 hand axe
rCold    . . .     Faith    .   c - +1 kite shield
rNeg     + . .     Spirit   +   r - +1 plate armour
rPois    .         Reflect  .   (no helmet)
rElec    .         Harm     .   (no cloak)
rCorr    .         Rampage  .   (no gloves)
Will     +....     Rnd*Rage +   (no boots)
Stlth    ..........             f - amulet of regeneration
HPRegen  2.18/turn              o - ring of positive energy
MPRegen  0.13/turn              v - ring of see invisible

@: studying Unarmed Combat, invisible, repel missiles
A: fangs 3, berserk 1, regeneration 1, wild magic 1, magic shield, antimagic
bite, no potion heal 3
a: Renounce Religion, Upheaval, Elemental Force, Disaster Area


You were on level 11 of the Dungeon.
You worshipped Qazlal.
Qazlal was extremely pleased with you.
You visited 3 branches of the dungeon, and saw 13 of its levels.

You collected 798 gold pieces.

Inventory:

Hand Weapons
 i - a +4 hunting sling
 t - a +5 hand axe (weapon)
Missiles
 g - 40 sling bullets
 l - 220 arrows
 m - 102 bolts
Armour
 c - a +1 kite shield (worn)
 r - a +1 plate armour (worn)
Jewellery
 f - an amulet of regeneration (around neck)
 o - a ring of positive energy (left hand)
 v - a ring of see invisible (right hand)
Wands
 h - a wand of charming (20)
 j - a wand of paralysis (9)
Scrolls
 b - a scroll of fog
 d - 3 scrolls of blinking
 e - 8 scrolls of teleportation
 n - 2 scrolls of fear
Potions
 k - 4 potions of magic
 p - 4 potions of curing
 s - 2 potions of cancellation


   Skills:
 + Level 6.0 Fighting
 + Level 6.1(6.3) Short Blades
 + Level 2.3(4.5) Long Blades
 + Level 7.2 Axes
 + Level 7.0 Armour
 + Level 2.1 Dodging
 + Level 2.2 Stealth
 + Level 10.0 Shields


You had 10 spell levels left.
You didn't know any spells.
Your spell library contained the following spells:

 Spells                   Type           Power        Failure   Level
 Apportation              Tloc           0%           100%        1
 Lesser Beckoning         Tloc           0%           100%        3
 Tukima's Dance           Hex            0%           100%        3
 Alistair's Intoxication  Tmut/Pois      0%           100%        5
 Invisibility             Hex            0%           100%        6


Dungeon Overview and Level Annotations

Branches:
Dungeon (11/15)            Temple (1/1) D:4             Orc (1/2) D:9
   Lair: D:8-11

Altars:
Ashenzari
Cheibriados
Dithmenos
Elyvilon
Fedhas
Gozag
Hepliaklqana
Kikubaaqudgha
Makhleb
Nemelex Xobeh
Okawaru
Qazlal
Ru
Sif Muna
Trog
Uskayaw
Vehumet
Wu Jian
Xom
Yredelemnul
The Shining One

Annotations:
Orc:1 Erolcha


Innate Abilities, Weirdness & Mutations

You have razor-sharp teeth.
Your natural rate of healing is unusually fast.
When hurt, damage is shared between your health and your magic reserves.
Your bite disrupts and absorbs the magic of your enemies.
Potions cannot restore your health.
You tend to lose your temper in combat.
Your spells are a little harder to cast, but a little more powerful.


Message History

The white ugly thing is engulfed in blazing flames.
The white ugly thing tail-slaps you but does no damage.
The hound stops to sniff the ground.
The hound is struck by lightning.
The hound bites you but does no damage. You block the hound's attack.
You slash the hound!
You kill the hound!
Qazlal accepts your kill.
You closely miss the white ugly thing. You bite the white ugly thing.
You drain its power.
The white ugly thing is heavily wounded.
You block the white ugly thing's attack.
You hit the white ugly thing. You bite the white ugly thing.
You drain its power.
The white ugly thing is heavily wounded.
You block the white ugly thing's attack.
You slash the white ugly thing!
The white ugly thing is severely wounded.
The white ugly thing closely misses you.
You slash the white ugly thing! Your bite misses the white ugly thing.
The white ugly thing is severely wounded.
You block the white ugly thing's attack.
You hit the white ugly thing. Your bite misses the white ugly thing.
The white ugly thing is almost dead.
You block the white ugly thing's attack.
The white ugly thing tail-slaps you. The white ugly thing freezes you!!
You barely miss the white ugly thing. Your bite misses the white ugly thing.
The white ugly thing is almost dead.
You hit the ogre. The ogre hits you with a +0 giant club!
The white ugly thing tail-slaps you but does no damage.
You barely miss the white ugly thing.
The white ugly thing is almost dead.
You hit the ogre. The white ugly thing tail-slaps you.
The white ugly thing freezes you!!
* * * LOW HITPOINT WARNING * * *
You fade into invisibility!
The ogre hits you but does no damage. The white ugly thing tail-slaps you.
* * * LOW HITPOINT WARNING * * *
The white ugly thing freezes you!!
You die...

. ### .. #..# ... #..#
...##################..##########
...............°.................
..............§O........)........
...............u@.☼...†..........
..............☼##########........
...............# #).......
...............# #...<....
...............# #........
...........!...# #........
...............# #........
#...........^..##########........
#................................


You could see a white ugly thing and an ogre.

Vanquished Creatures
  Harold (D:8)
  2 two-headed ogres (D:10)
  A dancing weapon (D:8)
  The ghost of jestyr24 the Carver, a novice MiGl of Makhleb (D:8)
  A troll (D:9)
  Sigmund (D:5)
  A shadow (D:11)
  6 yaks (D:10)
  Grum (D:8)
  Menkaure (D:4)
  A water moccasin (D:10)
  2 ice beasts
  A black bear (D:11)
  3 orc warriors
  3 sky beasts
  2 centaurs
  A necrophage (D:5)
  A wolf (D:8)
  11 ogres
  A phantom (D:5)
  5 bullfrogs
  4 gnoll sergeants
  A wyvern skeleton (D:6)
  A water moccasin skeleton (D:7)
  4 scorpions
  3 killer bees (D:9)
  5 wights (D:7)
  3 howler monkeys (D:9)
  A bullfrog zombie (D:7)
  A centaur zombie (D:8)
  12 hounds
  A jelly (D:9)
  6 gnoll shamans
  4 orc priests
  2 bullfrog skeletons
  4 centaur skeletons
  3 iguanas
  8 orc wizards
  8 worker ants
  A hound skeleton (D:10)
  3 worker ant zombies
  69 gnolls
  A howler monkey skeleton (D:4)
  13 adders
  3 shadow imps
  5 white imps
  An ufetubus (D:6)
  An ooze (D:3)
  An adder zombie (D:7)
  3 adder skeletons
  6 worms
  3 dart slugs
  2 leopard geckos
  30 orcs
  7 giant cockroaches
  5 goblins
  7 hobgoblins
  23 jackals
  3 quokkas
  2 ball pythons
  A ball python skeleton (D:4)
  4 bats
  3 frilled lizards
  5 kobolds
  A leopard gecko zombie (D:4)
  5 rats
326 creatures vanquished.

Vanquished Creatures (others)
  11 fungi (D:2)
  3 plants (D:4)
  5 toadstools (D:2)
19 creatures vanquished.

Grand Total: 345 creatures vanquished

Notes
Turn   | Place    | Note
-------+----------+-------------------------------------------
     0 | D:1      | slughead422 the Vine Stalker Fighter began the quest for
                  | the Orb.
     0 | D:1      | Reached XP level 1. HP: 11/11 MP: 2/2
   239 | D:1      | Reached skill level 3 in Shields
   239 | D:1      | Reached XP level 2. HP: 16/16 MP: 3/3
  1119 | D:2      | Reached XP level 3. HP: 19/19 MP: 4/4
  1221 | D:2      | Found a burning altar of Makhleb.
  1419 | D:2      | Gained mutation: You tend to lose your temper in combat.
                  | [potion of mutation]
  1419 | D:2      | Gained mutation: Your spells are a little harder to cast,
                  | but a little more powerful. [potion of mutation]
  1419 | D:2      | Gained mutation: You have razor-sharp teeth. [potion of
                  | mutation]
  1471 | D:2      | Gained mutation: Your natural rate of healing is unusually
                  | fast. [Vine Stalker growth]
  1471 | D:2      | Reached XP level 4. HP: 24/24 MP: 5/5
  1951 | D:2      | Found an ancient bone altar of Kikubaaqudgha.
  2159 | D:3      | Reached XP level 5. HP: 10/28 MP: 2/6
  2324 | D:3      | Reached skill level 1 in Short Blades
  3141 | D:4      | Reached skill level 4 in Shields
  3141 | D:4      | Reached XP level 6. HP: 31/32 MP: 7/7
  3255 | D:4      | Noticed Menkaure
  3278 | D:4      | Killed Menkaure
  3279 | D:4      | Reached skill level 1 in Dodging
  3295 | D:4      | Found a staircase to the Ecumenical Temple.
  3301 | D:4      | Reached XP level 7. HP: 36/36 MP: 8/8
  3305 | Temple   | Entered the Ecumenical Temple
  3379 | Temple   | Became a worshipper of Ru the Awakened
  3415 | Temple   | Fell from the grace of Ru
  3415 | Temple   | Became a worshipper of Qazlal Stormbringer
  3969 | D:4      | Reached * piety under Qazlal
  3989 | D:4      | Mutation became permanent: You have extremely sharp teeth.
                  | [Vine Stalker growth]
  3989 | D:4      | Gained mutation: You have razor-sharp teeth. [Vine Stalker
                  | growth]
  3989 | D:4      | Reached XP level 8. HP: 42/42 MP: 9/9
  3995 | D:4      | Reached skill level 5 in Shields
  4383 | D:4      | Reached ** piety under Qazlal
  4777 | D:5      | Entered Level 5 of the Dungeon
  4890 | D:5      | Noticed Sigmund
  4903 | D:5      | Killed Sigmund
  4904 | D:5      | Reached skill level 6 in Shields
  5028 | D:5      | Reached skill level 5 in Armour
  5037 | D:5      | Reached XP level 9. HP: 44/45 MP: 10/10
  5076 | D:5      | Reached skill level 5 in Short Blades
  6417 | D:6      | Reached skill level 1 in Axes
  6422 | D:6      | Reached *** piety under Qazlal
  6925 | D:7      | Reached skill level 7 in Shields
  6981 | D:7      | Upgraded the game from 0.27-a0-366-g8badd94918 to
                  | 0.27-a0-380-g150de4c316
  7608 | D:7      | Reached XP level 10. HP: 51/51 MP: 11/11
  8181 | D:8      | Found a runed translucent door.
  8182 | D:8      | Found a shimmering altar of Xom.
  8182 | D:8      | Noticed jestyr24's ghost (novice MiGl)
  8183 | D:8      | Noticed a +1 hand axe of chaos
  8199 | D:8      | Killed a +1 hand axe of chaos
  8200 | D:8      | Reached skill level 5 in Fighting
  8200 | D:8      | Reached skill level 1 in Stealth
  8200 | D:8      | Reached skill level 8 in Shields
  8207 | D:8      | Killed jestyr24's ghost
  8208 | D:8      | Reached skill level 5 in Axes
  8263 | D:8      | Found an opulent altar of Gozag.
  8263 | D:8      | Found a blossoming altar of Fedhas.
  8317 | D:8      | Reached **** piety under Qazlal
  8510 | D:8      | Noticed Grum
  8517 | D:8      | Killed Grum
  8635 | D:8      | Noticed Harold
  8660 | D:8      | Killed Harold
  9068 | D:9      | Reached skill level 9 in Shields
  9068 | D:9      | Reached XP level 11. HP: 56/56 MP: 12/12
  9507 | D:9      | Reached ***** piety under Qazlal
  9697 | D:9      | Found a sparkling altar of Nemelex Xobeh.
  9969 | D:9      | Found a staircase to the Orcish Mines.
  9974 | Orc:1    | Entered Level 1 of the Orcish Mines
  9978 | Orc:1    | Noticed Erolcha
 10085 | D:10     | Entered Level 10 of the Dungeon
 10562 | D:10     | Found an iron altar of Okawaru.
 10720 | D:10     | Noticed a two-headed ogre
 10749 | D:10     | Killed a two-headed ogre
 10761 | D:10     | Noticed a two-headed ogre
 10779 | D:10     | Killed a two-headed ogre
 11307 | D:11     | Reached skill level 10 in Shields
 11327 | D:11     | Noticed a white ugly thing
 11354 | D:11     | Mangled by a white ugly thing

Illustrated notes

Levels and vault maps discovered:
D:1:      dpeg_arrival_boxorama, layout_basic
D:2:      minmay_evil_eye, layout_basic, lightli_temple_of_fire,
          general_overflow_altar, minmay_gold_behind_fungi
D:3:      layout_basic, supply_closet_lemuel
D:4:      lemuel_castle_with_subvaults [lemuel_castle_interior_original],
          layout_gridville, temple_green, hangedman_decor_growths,
          minmay_manual_monstrance, uniq_menkaure
D:5:      minmay_angry_zag, layout_layer_cave, serial_park_tiny_pond,
          grunt_tough_drop, uniq_sigmund
D:6:      layout_basic, small_statue_intersection, minivault_26
D:7:      layout_loops_ring, amcnicky_mini_pool_medium
D:8:      layout_cave_pools, amethyst_overflow_temple_binary, serial_gnoll_camp,
          gnoll_camp_huts_basic, gnoll_camp_mini_doghouse, grums_kennel,
          gnoll_camp_medium_02, ebering_ghost_xom, uniq_harold
D:9:      layout_loops_ring, lemuel_coloured_pillars_altar,
          nicolae_overflow_hidden_temple, orc_0_dummy
D:10:     minmay_distorted_concentric_squares, layout_long_grid,
          okawaru_ov_weapons_minmay
D:11:     layout_irregular_city, dpeg_oklobed_lair, uniq_grum, uniq_maurice,
          uniq_gastronok, uniq_urug
Temple:   eino_temple_rhombus
Orc:1:    layout_caves, enter_volcano_3, basic_altar, serial_shops, shop,
          nicolae_orc_lost_temple, uniq_erolcha

Skill      XL: |  1  2  3  4  5  6  7  8  9 10 11 |
---------------+----------------------------------+-----
Shields        | 3 4 6 7 9 10 | 10.0
Long Blades    | 2 |  2.3
Fighting       | 3 4 5 6 |  6.0
Armour         | 3 4 5 6 7 |  7.0
Short Blades   | 1 2 3 4 6 |  6.1
Dodging        | 1 2 |  2.1
Axes           | 3 5 7 |  7.2
Stealth        | 1 2 |  2.2

Action                   |  1- 3 |  4- 6 |  7- 9 | 10-12 || total
-------------------------+-------+-------+-------+-------++-------
Melee: Long sword        |    44 |       |       |       ||    44
       Bite              |    28 |    59 |   204 |   159 ||   450
       Dagger            |    67 |   184 |   452 |       ||   703
       War axe           |       |       |    71 |       ||    71
       Hand axe          |       |       |    60 |   418 ||   478
Evoke: Wand              |       |       |       |     1 ||     1
  Use: Scroll            |     8 |     2 |     4 |     7 ||    21
       Potion            |     4 |     5 |     2 |     4 ||    15
 Stab: Paralysed         |       |       |       |     7 ||     7
Armor: Scale mail        |    35 |    43 |       |       ||    78
       Chain mail        |       |     8 |    90 |       ||    98
       Plate armour      |       |       |    40 |   137 ||   177
Dodge: Dodged            |    18 |    40 |    73 |    43 ||   174
Block: Kite shield       |    43 |    58 |   340 |   382 ||   823
       Rpst.: Long sword |     4 |       |       |       ||     4

Table legend: (Time is in decaauts)
 A = Elapsed time spent in this place.
 B = Non-inter-level travel time spent in this place.
 C = Inter-level travel time spent in this place.
 D = Time resting spent in this place.
 E = Time spent auto-exploring this place.
 F = Levels seen in this place.
 G = Mean time per level.
                   A        B        C        D        E       F      G
               +--------+--------+--------+--------+--------+-----+--------+
         Total |  11475 |  11475 |      0 |     23 |     11 |  13 |  882.7 |
       Dungeon |  11308 |  11308 |      0 |     23 |     11 |  11 | 1028.0 |
        Temple |    157 |    157 |      0 |      0 |      0 |   1 |  157.0 |
  Orcish Mines |      9 |      9 |      0 |      0 |      0 |   1 |    9.0 |
               +--------+--------+--------+--------+--------+-----+--------+

Top non-repeatable levels by time:
     D:4: 1560 daAuts
     D:8: 1291 daAuts
     D:5: 1209 daAuts
    D:10: 1141 daAuts
     D:9: 1054 daAuts
     D:1: 1048 daAuts
     D:3: 1045 daAuts
     D:7: 992 daAuts
     D:2: 938 daAuts
     D:6: 891 daAuts
  Temple: 157 daAuts
    D:11: 134 daAuts
   Orc:1: 9 daAuts
